 Dungeon Crawl Stone Soup version 0.31-a0-233-g139696dc86 (webtiles) character file.

Game seed: 11369346147249518866

904 qw the Skirmisher (level 7, -3/61 HPs)
             Began as a Minotaur Hexslinger on July 8, 2023.
             Was an Initiate of Okawaru.
             Slain by a phantom (4 damage)
             ... on level 6 of the Dungeon.
             The game lasted 00:01:55 (4989 turns).

qw the Skirmisher (Minotaur Hexslinger)             Turns: 4989, Time: 00:01:56

Health: -3/61      AC:  6    Str: 13    XL:     7   Next: 80%
Magic:  7/7        EV: 11    Int: 10    God:    Okawaru [......]
Gold:   160        SH:  0    Dex: 14    Spells: 7/8 levels left

rFire   . . .        Y - +4 sling
rCold   . . .        (no shield)
rNeg    . . .        n - +1 ring mail {rPois}
rPois   +            (helmet restricted)
rElec   .            (no cloak)
rCorr   .            (no gloves)
SInv    .            (no boots)
Will    +....        (no amulet)
Stlth   +            h - ring of willpower
HPRegen 0.30/turn    (no ring)
MPRegen 0.10/turn

%: no passive effects
@: no status effects
A: horns 2, retaliatory headbutt
a: Renounce Religion


You were on level 6 of the Dungeon.
You worshipped Okawaru.
Okawaru was noncommittal.
You visited 1 branch of the dungeon, and saw 6 of its levels.
You also visited: Sewer.

You collected 184 gold pieces.
You spent 24 gold pieces at shops.


Innate Abilities, Weirdness & Mutations

You have a pair of horns on your head.
You reflexively headbutt those who attack you in melee.


   Skills:
 - Level 5.6 Fighting
 + Level 8.2 Ranged Weapons
 - Level 2.4 Armour
 - Level 2.1 Dodging
 - Level 1.0 Spellcasting
 - Level 2.0 Hexes


You had 7 spell levels left.
You knew the following spells:

 Your Spells              Type           Power      Damage    Failure   Level
a - Slow                  Hex            16%        N/A       30%         1

Your spell library contained the following spells:

 Spells                   Type           Power      Damage    Failure   Level
 Inner Flame              Hex/Fire       2%         N/A       80%         3
 Portal Projectile        Hex/Tloc       4%         N/A       80%         3
 Cause Fear               Hex            2%         N/A       97%         4

Inventory:

Hand Weapons
 Y - a +4 sling (weapon)
Armour
 a - a +1 robe of cold resistance
 j - the +0 leather armour "Numupy" {rF++ rCorr Int-3 Stlth+}
   (You found it on level 5 of the Dungeon)

   Int:       It affects your intelligence (-3).
   rF:        It greatly protects you from fire.
   rCorr:     It protects you from acid and corrosion.
   Stlth:     It makes you more stealthy.
 n - a +1 ring mail of poison resistance (worn)
Jewellery
 h - a ring of willpower (left hand)
Scrolls
 f - a scroll of identify
Potions
 b - a potion of curing
 c - a potion of might
 d - a potion of enlightenment
 e - 2 potions of mutation
 g - a potion of resistance
 i - 3 potions of haste
 k - a potion of magic {unknown}
 m - a potion of cancellation {unknown}

Dungeon Overview and Level Annotations

Branches:
Dungeon (6/15)              Sewer (visited)
 Temple: D:4-7

Altars:
Makhleb
Nemelex Xobeh
Okawaru
Uskayaw

Shops:
D:2 ?=(


Message History

4979 ||| READING scroll of teleportation.
As you read the scroll of teleportation, it crumbles to dust.
You feel strangely unstable. The orc hits you but does no damage.
The orc warrior hits you with a +0 war axe.
You shoot a sling bullet. The sling bullet hits the orc warrior!
The orc warrior is moderately wounded.
The orc hits you with a +0 whip. The orc warrior barely misses you.
You furiously retaliate!
You headbutt the orc warrior. You shoot a sling bullet.
The sling bullet hits the orc warrior.
The orc warrior is severely wounded.
The orc misses you. You furiously retaliate!
You headbutt the orc!
You kill the orc!
Okawaru accepts your kill.
The orc warrior hits you with a +0 war axe.
You shoot a sling bullet.
The sling bullet barely misses the orc warrior.
Your surroundings suddenly seem different.
A phantom comes into view.
Found a sedimented puce potion.
You shoot a sling bullet. The sling bullet hits the phantom.
The phantom is lightly damaged.
You shoot a sling bullet. The sling bullet hits the phantom.
The phantom is moderately damaged.
You shoot a sling bullet. The sling bullet hits the phantom.
The phantom is moderately damaged.
You shoot a sling bullet. The sling bullet hits the phantom.
The phantom is moderately damaged.
The phantom hits you.
The phantom blinks!
You blink.
You shoot a sling bullet.
The sling bullet closely misses the phantom.
The phantom barely misses you.
You shoot a sling bullet.
The sling bullet barely misses the phantom.
The phantom misses you.
You shoot a sling bullet.
The sling bullet hits the phantom but does no damage.
The phantom is moderately damaged.
The phantom hits you. x2
You die...

#. #.# #.#
# #.##.#
#....#
#.........
#.####....
#!# ...
#@# . #W#
#.# #.#
#.# #.+
###


You could see a phantom.

Vanquished Creatures
  A black bear (D:5)
  A sky beast (D:4)
  2 ogres
  2 scorpions (D:5)
  2 hounds
  Jessica (D:2)
  An orc wizard (D:6)
  2 sleepcaps (D:5)
  4 gnolls
  6 adders
  5 river rats (Sewer)
  An ufetubus (D:5)
  A worm (D:3)
  3 dart slugs (D:1)
  3 orcs
  12 endoplasms
  8 giant cockroaches
  6 goblins
  7 hobgoblins
  3 jackals (D:1)
  4 quokkas
  12 ball pythons
  4 bats
  7 frilled lizards
  19 kobolds
  22 rats
139 creatures vanquished.

Notes
Turn   | Place    | Note
-------+----------+-------------------------------------------
     0 | D:1      | qw the Minotaur Hexslinger began the quest for the Orb.
     0 | D:1      | Reached XP level 1. HP: 16/16 MP: 1/1
     0 | D:1      | 0 ||| qw: Version: 0.3-a-46-gb1f654a
     0 | D:1      | 0 ||| qw: Game counter: 3709
     0 | D:1      | 0 ||| qw: Melee chars always use a shield: true
     0 | D:1      | 0 ||| qw: God list: Okawaru
     0 | D:1      | 0 ||| qw: Allow faded altars: false
     0 | D:1      | 0 ||| qw: Do Orc after clearing Dungeon:15 true
     0 | D:1      | 0 ||| qw: Do second Lair branch before Depths: true
     0 | D:1      | 0 ||| qw: Lair rune preference: random
     0 | D:1      | 0 ||| qw: Goals: Normal
     0 | D:1      | 0 ||| PLANNING D:1-11
   141 | D:1      | HP: 2/16 [gnoll/+0 club (3)]
   143 | D:1      | Reached skill level 3 in Ranged Weapons
   143 | D:1      | Reached XP level 2. HP: 4/23 MP: 2/2
   317 | D:1      | Reached XP level 3. HP: 29/29 MP: 3/3
   773 | D:1      | Reached skill level 4 in Ranged Weapons
   921 | D:1      | 921 ||| READING scroll labelled HACEKOT TIARE.
   922 | D:1      | 922 ||| READING scroll labelled GUUKUE YMMONAM.
   924 | D:1      | 924 ||| FLEEEEING.
  1097 | D:1      | 1097 ||| READING scroll labelled DOTSAE CAREV.
  1098 | D:1      | 1098 ||| READING 3 scrolls labelled URUQIPAEPU.
  1099 | D:1      | 1099 ||| READING 2 scrolls of enchant weapon.
  1099 | D:1      | 1099 ||| ENCHANTING +2 sling.
  1100 | D:1      | 1100 ||| READING scroll of enchant weapon.
  1100 | D:1      | 1100 ||| ENCHANTING +3 sling.
  1141 | D:1      | 1141 ||| READING scroll labelled GIBBUO ULAC.
  1142 | D:1      | 1142 ||| DRINKING 2 bubbling golden potions.
  1143 | D:1      | 1143 ||| DRINKING 2 orange potions.
  1144 | D:1      | 1144 ||| DROPPING scroll of poison.
  1246 | D:2      | 1246 ||| STAIRDANCE
  1252 | D:1      | Reached XP level 4. HP: 16/36 MP: 4/4
  1373 | D:2      | Noticed Jessica
  1382 | D:2      | HP: 7/36 [Jessica/+0 club (4)]
  1383 | D:2      | 1383 ||| DRINKING potion of heal wounds.
  1386 | D:2      | Killed Jessica
  1387 | D:2      | Reached skill level 5 in Ranged Weapons
  1389 | D:2      | HP: 8/36 [gnoll/+0 spear (6)]
  1609 | D:2      | Found Rocykk's Antique Weapon Shoppe.
  1648 | D:2      | Found Qatab's Magic Scroll Shoppe.
  1662 | D:2      | 1662 ||| SHOPLISTING scroll of enchant armour (90 gold,
                  | have 48).
  1662 | D:2      | 1662 ||| SHOPLISTING scroll of enchant weapon (90 gold,
                  | have 48).
  1662 | D:2      | 1662 ||| BUYING scroll of identify (24 gold).
  1662 | D:2      | Bought a scroll of identify for 24 gold pieces
  1662 | D:2      | 1662 ||| SHOPLISTING scroll of teleportation (36 gold, have
                  | 24).
  1713 | D:2      | Found Rasod's Jewellery Shoppe.
  1722 | D:2      | 1722 ||| SHOPLISTING +5 ring of evasion (396 gold, have
                  | 30).
  1722 | D:2      | 1722 ||| SHOPLISTING +6 ring of strength (396 gold, have
                  | 30).
  1722 | D:2      | 1722 ||| SHOPLISTING amulet "Xeguuxex" {Acrobat *Corrode
                  | rC+++ Int+3 SInv} (845 gold, have 30).
  1722 | D:2      | 1722 ||| SHOPLISTING amulet of regeneration (330 gold, have
                  | 30).
  1722 | D:2      | 1722 ||| SHOPLISTING amulet of the acrobat (330 gold, have
                  | 30).
  1722 | D:2      | 1722 ||| SHOPLISTING ring of fire (275 gold, have 30).
  1722 | D:2      | 1722 ||| SHOPLISTING ring of ice (275 gold, have 30).
  1722 | D:2      | 1722 ||| SHOPLISTING ring of poison resistance (220 gold,
                  | have 30).
  1722 | D:2      | 1722 ||| SHOPLISTING ring of positive energy (220 gold,
                  | have 30).
  1830 | D:2      | 1830 ||| UPGRADING to +1 robe of cold resistance.
  1840 | D:2      | 1840 ||| DROPPING +0 robe.
  1841 | D:2      | 1841 ||| DRINKING 2 yellow potions.
  1867 | D:2      | 1867 ||| READING 2 scrolls of identify.
  1867 | D:2      | 1867 ||| IDENTIFYING bubbling pink potion
  1868 | D:2      | 1868 ||| DROPPING potion of lignification.
  1927 | D:3      | Found a burning altar of Makhleb.
  1988 | D:3      | Reached skill level 3 in Fighting
  2255 | D:3      | Reached XP level 5. HP: 45/45 MP: 5/5
  2376 | D:3      | 2376 ||| DROPPING +0 leather armour.
  2377 | D:3      | 2377 ||| UPGRADING to ring of willpower.
  2378 | D:3      | 2378 ||| READING 2 scrolls of identify.
  2378 | D:3      | 2378 ||| IDENTIFYING lumpy orange potion
  2399 | D:4      | 2399 ||| PLANNING SEWER
  2444 | D:4      | Found a glowing drain.
  2447 | D:4      | 2447 ||| Stepping ~*~*~tactically~*~*~ (water).
  2457 | Sewer    | Entered a sewer
  2650 | Sewer    | Reached skill level 6 in Ranged Weapons
  2657 | Sewer    | 2657 ||| Stepping ~*~*~tactically~*~*~ (water).
  2690 | Sewer    | 2690 ||| FLEEEEING.
  2691 | Sewer    | 2691 ||| FLEEEEING.
  2692 | Sewer    | 2692 ||| FLEEEEING.
  2693 | Sewer    | 2693 ||| FLEEEEING.
  2695 | Sewer    | 2695 ||| FLEEEEING.
  3119 | Sewer    | 3119 ||| READING 2 scrolls of identify.
  3119 | Sewer    | 3119 ||| IDENTIFYING smoky amethyst potion
  3145 | D:4      | 3145 ||| PLANNING D:1-11
  3167 | D:4      | Noticed a sky beast
  3186 | D:4      | HP: 11/46 [sky beast (5)]
  3187 | D:4      | 3187 ||| READING scroll of teleportation.
  3188 | D:4      | HP: 4/46 [sky beast (6)]
  3408 | D:4      | HP: 9/46 [sky beast (6)]
  3409 | D:4      | HP: 2/46 [sky beast (5)]
  3410 | D:4      | Killed a sky beast
  3411 | D:4      | Reached XP level 6. HP: 3/55 MP: 6/6
  3962 | D:4      | 3962 ||| DROPPING +0 ring mail.
  3963 | D:4      | 3963 ||| UPGRADING to +1 ring mail of poison resistance.
  3973 | D:4      | 3973 ||| READING 2 scrolls of identify.
  3973 | D:4      | 3973 ||| IDENTIFYING black potion
  3974 | D:4      | 3974 ||| DROPPING potion of brilliance.
  3988 | D:5      | Entered Level 5 of the Dungeon
  3995 | D:5      | Reached XP level 7. HP: 60/60 MP: 7/7
  4045 | D:5      | Reached skill level 7 in Ranged Weapons
  4151 | D:5      | Found an iron altar of Okawaru.
  4152 | D:5      | 4152 ||| PLANNING OKAWARU WORSHIP
  4152 | D:5      | 4152 ||| DROPPING scarf of invisibility.
  4160 | D:5      | Became a worshipper of Warmaster Okawaru
  4161 | D:5      | 4161 ||| PLANNING D:1-11
  4462 | D:5      | Identified the +0 leather armour "Numupy" {rF++ rCorr Int-3
                  | Stlth+}
  4581 | D:5      | Reached skill level 8 in Ranged Weapons
  4640 | D:5      | Found a sparkling altar of Nemelex Xobeh.
  4672 | D:5      | Found a hide-covered altar of Uskayaw.
  4900 | D:5      | 4900 ||| READING 2 scrolls of identify.
  4900 | D:5      | 4900 ||| IDENTIFYING purple potion
  4966 | D:6      | 4966 ||| Stepping ~*~*~tactically~*~*~ (outnumbered).
  4978 | D:6      | HP: 10/61 [orc warrior/+0 war axe (9)]
  4979 | D:6      | 4979 ||| READING scroll of teleportation.
  4981 | D:6      | HP: 2/61 [orc warrior/+0 war axe (4)]
  4986 | D:6      | HP: 3/61 [phantom (1)]
  4989 | D:6      | HP: 1/61 [phantom (3)]
  4989 | D:6      | Slain by a phantom

Levels and vault maps discovered:
D:1:      dpeg_arrival_simpleton_a, layout_basic, hangedman_glass_teeth,
          dreamdust_mushroom_princess, minmay_vboxes
D:2:      layout_rooms, serial_shops, nicolae_shop_stone, shop, shop,
          uniq_jessica
D:3:      layout_rooms, lemuel_doored_altar, serial_bayou_pond_d,
          hangedman_decor_clover_reticule
D:4:      layout_cave_pools, portal_sewer_entry_f
D:5:      layout_loops_ring, mainiacjoe_overflow_two_lobes,
          mainiacjoe_overflow_alcove_2
D:6:      layout_basic, temple_statues, serial_shops,
          nicolae_shop_window_shopping, shop, shop, nicolae_stop_n_shop_1,
          minmay_checkerbox

Skill      XL: |  1  2  3  4  5  6  7 |
---------------+----------------------+-----
Ranged Weapons | 3 4 5 6 8 |  8.2
Fighting       | 2 3 4 5 |  5.6
Armour         | 2 |  2.4
Dodging        | |  2.1
Spellcasting   | |  1.0
Hexes          | |  2.0

Action                     |  1- 3 |  4- 6 |  7- 9 || total
---------------------------+-------+-------+-------++-------
   Fire: Sling             |   109 |   242 |    94 ||   445
    Use: Scroll            |     7 |     5 |     2 ||    14
         Potion            |     2 |     2 |       ||     4
 Armour: Robe              |     7 |    22 |       ||    29
         Ring mail         |       |       |    17 ||    17
  Dodge: Dodged            |    23 |    62 |    30 ||   115

Table legend:
 A = Non-vault XP
 B = Vault XP
 C = Vault XP percentage of total XP
 D = Non-vault monster count
 E = Vault monster count
 F = Vault count percentage of total count
                 A         B        C        D         E       F
            +---------+---------+-------+---------+---------+-------
      Total |    1083 |     209 |  16.2 |      78 |      61 |  43.9
            +---------+---------+-------+---------+---------+-------
        D:1 |      77 |      16 |  17.2 |      29 |       8 |  21.6
        D:2 |      60 |      37 |  38.1 |      14 |       1 |   6.7
        D:3 |      13 |       0 |   0.0 |       7 |       0 |   0.0
        D:4 |     308 |      12 |   3.8 |      14 |       6 |  30.0
        D:5 |     586 |       0 |   0.0 |      12 |       0 |   0.0
        D:6 |      39 |       0 |   0.0 |       2 |       0 |   0.0
      Sewer |       0 |     144 | 100.0 |       0 |      46 | 100.0
            +---------+---------+-------+---------+---------+-------
